Map: [ESL] Blackburn

Players

Trap

  • Race: Protoss Protoss

Zest - Winner!

  • Race: Protoss Protoss

Event: IEM Katowice 2022

VOD

Have the link to the VOD?

Description

Time

  • Played on: Feb. 25, 2022, 5:06 a.m.
  • Length: 10:56

All games in this series

Show
View Real Time Build Order
Export as new Build Order

Trap Protoss 

Build Orders: Oracle Opening 

Get SALT Encoding   

  12  0:00  Probe  
  13  0:12  Probe  
  14  0:17  Pylon  
  14  0:24  Probe (Chrono Boost)  
  15  0:36  Probe (Chrono Boost)  
  15  0:38  Gateway  
  16  0:44  Probe (Chrono Boost)  
  16  0:49  Assimilator  
  17  0:50  Probe  
  17  0:56  Assimilator  
  18  1:03  Probe (Chrono Boost)  
  19  1:08  Pylon  
  19  1:13  Probe (Chrono Boost)  
  19  1:18  Probe (Chrono Boost)  
  20  1:25  Cybernetics Core  
  21  1:29  Probe  
  22  1:33  Zealot  
  24  1:41  Probe  
  25  1:53  Probe  
  26  2:02  Adept (Chrono Boost)  
  26  2:03  Pylon  
  26  2:05  Pylon  
  28  2:13  Stargate  
  28  2:23  Shield Battery  
  28  2:29  Shield Battery  
  28  2:34  Adept  
  29  2:40  Warp Gate  
  29  2:57  Oracle (Chrono Boost)  
  30  3:10  Probe  
  30  3:11  Nexus  
  31  3:22  Probe  
  32  3:29  Gateway x2  
  33  3:34  Probe  
  31  3:46  Probe  
  27  3:56  Pylon  
  27  4:02  Probe  
  28  4:03  Pylon  
  28  4:07  Pylon  
  28  4:14  Probe  
  28  4:15  Twilight Council  
  28  4:29  Stalker x2  
  32  4:35  Stalker  
  34  4:41  Probe  
  34  4:42  Probe  
  34  4:48  Shield Battery  
  33  5:02  Stalker x2  
  33  5:03  Stalker  
  33  5:06  Probe (Chrono Boost)  
  40  5:08  Probe (Chrono Boost)  
  36  5:18  Probe (Chrono Boost)  
  36  5:25  Probe (Chrono Boost)  
  36  5:27  Probe (Chrono Boost)  
  35  5:31  Probe (Chrono Boost)  
  35  5:33  Probe  
  36  5:41  Blink (Chrono Boost)  
  34  5:43  Probe  
  34  5:45  Probe  
  34  5:50  Stalker x2  
  34  5:54  Stalker  
  34  5:55  Probe  
  41  5:57  Probe  
  41  6:02  Shield Battery  
  42  6:09  Probe (Chrono Boost)  
  44  6:14  Probe (Chrono Boost)  
  43  6:19  Probe (Chrono Boost)  
  43  6:20  Stalker  
  43  6:22  Probe (Chrono Boost)  
  43  6:24  Probe (Chrono Boost)  
  46  6:27  Robotics Facility  
  47  6:39  Stalker x2  
  51  6:41  Assimilator  
  51  6:43  Probe (Chrono Boost)  
  52  6:52  Probe (Chrono Boost)  
  53  6:56  Pylon  
  53  6:57  Probe x2 (Chrono Boost)  
  55  7:02  Stalker x2  
  55  7:07  Stalker  
  61  7:14  Observer  
  62  7:16  Probe x2  
  62  7:19  Pylon  
  64  7:25  Stalker  
  64  7:26  Stalker  
  66  7:42  Stalker  
  64  7:46  Probe x2  
  66  7:56  Stalker  
  58  7:59  Stalker  
  58  8:04  Probe x2  
  52  8:10  Observer  
  51  8:15  Gateway  
  51  8:17  Gateway  
  51  8:18  Charge (Chrono Boost)  
  51  8:23  Stalker  
  53  8:28  Stalker  
  53  8:41  Stalker  
  53  8:46  Stalker  
  57  8:52  Stalker  
  56  8:58  Observer  
  56  9:00  Probe x2  
  58  9:24  Pylon, Stalker x2  
  58  9:28  Warp Prism, Stalker  
  63  9:42  Sentry  
  63  9:45  Pylon  
  67  9:52  Zealot x2  
  71  9:55  Zealot  
  71  9:59  Zealot  
  75  10:06  Zealot  
  77  10:11  Zealot  
  77  10:12  Zealot x2  
  57  10:31  Stalker x2  
  57  10:32  Stalker x2  
  57  10:34  Stalker  
  49  10:52  Stalker x2  
Show
View Real Time Build Order
Export as new Build Order

Zest Protoss - Winner!

Build Orders: 1 Gate Expand, Phoenix Opening 

Get SALT Encoding   

  12  0:00  Probe  
  13  0:12  Probe  
  14  0:17  Pylon  
  14  0:24  Probe (Chrono Boost)  
  15  0:36  Probe (Chrono Boost)  
  15  0:38  Gateway  
  16  0:45  Probe (Chrono Boost)  
  16  0:47  Assimilator  
  17  0:51  Probe  
  18  1:03  Probe  
  19  1:15  Probe  
  20  1:25  Nexus  
  20  1:35  Cybernetics Core  
  20  1:39  Probe  
  21  1:47  Assimilator  
  21  1:51  Probe  
  22  1:54  Pylon  
  22  2:09  Stalker (Chrono Boost)  
  24  2:22  Stargate  
  24  2:30  Pylon  
  24  2:35  Stalker (Chrono Boost)  
  25  2:42  Shield Battery  
  25  3:00  Pylon  
  25  3:01  Pylon  
  25  3:05  Phoenix (Chrono Boost)  
  25  3:08  Probe  
  25  3:10  Probe  
  29  3:13  Pylon  
  29  3:20  Probe  
  29  3:21  Phoenix (Chrono Boost)  
  29  3:22  Probe  
  33  3:36  Probe  
  33  3:37  Probe  
  33  3:41  Phoenix (Chrono Boost)  
  32  3:48  Probe  
  32  3:52  Probe  
  30  4:12  Probe x2  
  30  4:15  Oracle (Chrono Boost)  
  35  4:24  Probe  
  35  4:28  Probe  
  35  4:29  Warp Gate  
  37  4:36  Shield Battery  
  37  4:41  Probe (Chrono Boost)  
  37  4:42  Probe (Chrono Boost)  
  39  4:51  Robotics Facility  
  40  4:56  Probe x2 (Chrono Boost)  
  41  5:04  Stalker, Probe  
  42  5:18  Probe x2  
  44  5:23  Pylon  
  44  5:30  Probe x2  
  46  5:37  Immortal (Chrono Boost)  
  49  5:43  Probe  
  49  5:47  Probe  
  51  5:51  Gateway  
  51  5:55  Probe  
  52  5:59  Probe  
  52  6:02  Pylon  
  53  6:06  Immortal (Chrono Boost)  
  53  6:09  Probe  
  53  6:10  Pylon  
  58  6:11  Probe  
  59  6:21  Probe  
  59  6:22  Assimilator  
  59  6:24  Twilight Council  
  60  6:33  Stalker  
  60  6:35  Warp Prism (Chrono Boost)  
  64  6:47  Stalker  
  64  6:53  Gateway x2  
  66  7:00  Dark Shrine, Stalker  
  68  7:12  Pylon  
  68  7:13  Probe x2  
  70  7:16  Stalker  
  72  7:28  Pylon  
  72  7:35  Stalker  
  72  7:40  Stalker  
  74  7:49  Assimilator  
  74  7:50  Gateway, Stalker x2  
  78  7:52  Gateway  
  78  7:53  Warp Prism  
  62  8:09  Probe x2  
  62  8:10  Blink (Chrono Boost)  
  62  8:12  Dark Templar x3  
  62  8:26  Probe x2  
  64  8:31  Stalker  
  66  8:38  Immortal (Chrono Boost)  
  66  9:10  Immortal (Chrono Boost)  
  66  9:12  Stalker x6  
  80  9:35  Stalker  
  80  9:36  Stalker x4, Zealot  
  89  9:39  Pylon  
  89  9:47  Observer (Chrono Boost)  
  90  9:54  Nexus  
  90  9:57  Pylon  
  90  10:05  Stalker x3  
  90  10:06  Stalker  
  98  10:10  Sentry  
  86  10:37  Stalker x2  
  86  10:38  Stalker x4  

Tags
 
Add a new tag
Caveats
  • Supply blocks, unpowered buildings, or Contaminate may cause inaccurate times.
  • Supply counts are checked every 10 seconds.